 Dungeon Crawl Stone Soup version 0.29.1-4-g47bece8355 (webtiles) character file.

Game seed: 1830146371832264247

459 fantasyman the Cutter (level 7, 0/66 HPs)
             Began as a Kobold Berserker on Dec 8, 2022.
             Was a Believer of Trog.
             Slain by Dowan
             ... wielding a +1 dagger of venom
              (2 damage)
             ... on level 4 of the Dungeon.
             The game lasted 00:05:22 (3315 turns).

fantasyman the Cutter (Kobold Berserker)            Turns: 3315, Time: 00:05:23

Health: 0/66       AC: 27    Str: 14    XL:     7   Next: 28%
Magic:  7/7        EV:  3    Int:  8    God:    Trog [**....]
Gold:   187        SH:  0    Dex: 17    Spells: 6/6 levels left

rFire   . . .      SeeInvis .   p - +3 short sword
rCold   . . .      Faith    .   (no shield)
rNeg    . . .      Spirit   .   (body armour currently unavailable)
rPois   +          Reflect  .   (helmet currently unavailable)
rElec   .          Harm     .   (cloak currently unavailable)
rCorr   .          Rampage  .   (gloves currently unavailable)
Will    ++...      NoTele   +   (boots currently unavailable)
Stlth   ++++......              (no amulet)
HPRegen 1.21/turn               h - +4 ring of protection
MPRegen 0.10/turn               (no ring)

@: lethally poisoned (0 -> -11), tree-form, strong-willed (expiring), on berserk
cooldown, regenerating (expiring), slowed, very slow
A: stationary, stasis, torment immunity, boosted hp, small, no large weapons,
nightstalker 3
a: Renounce Religion, Berserk, Trog's Hand


You were on level 4 of the Dungeon.
You worshipped Trog.
Trog was pleased with you.
You were a tree.
You visited 1 branch of the dungeon, and saw 4 of its levels.

You collected 187 gold pieces.

Inventory:

Hand Weapons
 p - a +3 short sword (weapon)
Armour
 k - the +3 ring mail "Ydaong" (melded) {Stlth+}
   (You found it on level 2 of the Dungeon)

   Stlth:     It makes you more stealthy.
Jewellery
 h - a +4 ring of protection (left branch)
 j - a ring of willpower
Wands
 i - a wand of paralysis (6)
Scrolls
 a - a scroll of noise
 f - 2 scrolls of teleportation
 n - a scroll of magic mapping
 o - a scroll of amnesia
 q - a scroll of identify
Potions
 c - a potion of berserk rage
 g - a potion of flight


   Skills:
 * Level 4.6 Fighting
 * Level 6.6 Short Blades
 + Level 2.0 Armour
 * Level 3.7 Dodging
 * Level 5.4 Stealth


You had 6 spell levels left.
You didn't know any spells.
Your spell library was empty.

Dungeon Overview and Level Annotations

Branches:
Dungeon (4/15)
 Temple: D:4-7

Altars:
Kikubaaqudgha

Annotations:
D:4 Dowan


Innate Abilities, Weirdness & Mutations

You are a tree.
Your roots penetrate the ground, keeping you stationary.
You cannot be teleported.
You are immune to unholy pain and torment.
Your maximum health is greatly increased.
Your equipment is partially melded.
You are small and have problems with some larger weapons.
You are completely attuned to the shadows.


Message History

As you read the scroll labelled CUATETZ IR NIL, it crumbles to dust.
You hear a loud clanging noise!
It was a scroll of noise.
Dowan completely misses you. Dowan hits you but does no damage.
Dowan hits you with a +1 dagger of venom.
* * * LOW HITPOINT WARNING * * *
You are poisoned.
Aiming: Paralyse
Press: ? - help, Shift-Dir - straight line, f - Dowan
Aim: Dowan, wielding a +1 dagger of venom and wearing a +0 robe (heavily wounded, fast, chance to affect: 49%) Dowan resists with some effort.
You feel very sick. Dowan hits you but does no damage. x2
You are more poisoned.
Aiming: Paralyse
Press: ? - help, Shift-Dir - straight line, f/p - Dowan
Aim: Dowan, wielding a +1 dagger of venom and wearing a +0 robe (heavily wounded, fast, chance to affect: 49%) Dowan resists with some effort.
You feel the effects of Trog's Hand fading.
You feel very sick.
Dowan hits you with a +1 dagger of venom.
* * * LOW HITPOINT WARNING * * *
Dowan hits you but does no damage.
Aiming: Paralyse
Press: ? - help, Shift-Dir - straight line, f/p - Dowan
Aim: Dowan, wielding a +1 dagger of venom and wearing a +0 robe (heavily wounded, fast, chance to affect: 49%) Dowan resists with some effort.
You feel very sick. Dowan hits you but does no damage.
You are lethally poisoned!
Dowan points at you and mumbles some strange words.
The stone arrow hits you but does no damage.
You hit Dowan but do no damage.
Dowan is heavily wounded.
* * * LOW HITPOINT WARNING * * *
You feel very sick. Dowan hits you but does no damage.
You are more poisoned.
Dowan hits you with a +1 dagger of venom.
You die...

..### ..P.####
..###P....###
#.#.#.......##
#.#..........#
#.#.#....#...P.#
#.#♣#._..##..P.#
#.#e#....#.).P.#####
#.#.#.....PP........
#...#.#......##..###
#)#.###......##..###
#.#...P...#.........
#.##......#.###..##.
#.##........ ....##.
#.......########....


You could see Dowan (fast).

Vanquished Creatures
  Duvessa (D:4)
  An ogre (D:4)
  A howler monkey (D:2)
  A gnoll bouda (D:4)
  11 gnolls
  4 adders
  2 dart slugs
  An orc (D:3)
  3 ball pythons
  6 bats
  5 endoplasms
  3 giant cockroaches
  4 hobgoblins
  7 kobolds
  A quokka (D:2)
  5 frilled lizards
  4 goblins
  8 rats
68 creatures vanquished.

Notes
Turn   | Place    | Note
-------+----------+-------------------------------------------
     0 | D:1      | fantasyman the Kobold Berserker began the quest for the
                  | Orb.
     0 | D:1      | Reached XP level 1. HP: 14/14 MP: 1/1
    84 | D:1      | Reached XP level 2. HP: 19/19 MP: 2/2
   409 | D:1      | Reached skill level 1 in Stealth
   429 | D:1      | Reached XP level 3. HP: 21/24 MP: 3/3
   725 | D:2      | Reached XP level 4. HP: 6/29 MP: 4/4
  1049 | D:2      | Identified the +3 ring mail "Ydaong" {Stlth+}
  1093 | D:2      | Reached skill level 5 in Short Blades
  1147 | D:2      | Reached XP level 5. HP: 31/33 MP: 5/5
  1421 | D:2      | Reached ** piety under Trog
  2556 | D:4      | Noticed an ogre
  2561 | D:4      | Killed an ogre
  2562 | D:4      | Reached XP level 6. HP: 39/39 MP: 6/6
  2647 | D:4      | Reached skill level 6 in Short Blades
  3009 | D:4      | Found an ancient bone altar of Kikubaaqudgha.
  3064 | D:4      | Reached skill level 5 in Stealth
  3277 | D:4      | Noticed Duvessa
  3280 | D:4      | Noticed Dowan
  3287 | D:4      | Killed Duvessa
  3288 | D:4      | Reached XP level 7. HP: 44/44 MP: 7/7
  3315 | D:4      | HP: 2/66 [poisoned by Dowan]
  3315 | D:4      | Slain by Dowan

Illustrated notes

Levels and vault maps discovered:
D:1:      reono_arrival_mine, layout_rooms, hangedman_decor_riveting
D:2:      layout_rooms
D:3:      layout_basic
D:4:      layout_loops_cross, kiku_gazebo_garden_becter,
          kennysheep_generic_room_14, uniq_duvessa

Skill      XL: |  1  2  3  4  5  6 |
---------------+-------------------+-----
Stealth        | 1 2 3 4 5 |  5.4
Fighting       | 4 |  4.6
Short Blades   | 5 6 |  6.6
Dodging        | 3 |  3.7
Armour         | 2 |  2.0

Action                   |  1- 3 |  4- 6 |  7- 9 || total
-------------------------+-------+-------+-------++-------
Melee: Short sword       |    43 |   137 |     9 ||   189
       Punch             |       |     1 |       ||     1
Invok: Berserk           |     1 |     5 |       ||     6
       Trog's Hand       |       |       |     1 ||     1
Evoke: Wand              |       |       |     3 ||     3
  Use: Scroll            |       |    10 |     4 ||    14
       Potion            |       |     1 |     4 ||     5
 Stab: Sleeping          |    12 |    17 |       ||    29
Armor: Animal skin       |     2 |       |       ||     2
       Ring mail         |       |    32 |     3 ||    35
       Skin              |       |       |    21 ||    21
Dodge: Dodged            |    19 |   102 |     9 ||   130
